SA
NEBRASKA PLAINSMEN @ ATHLETIC CLUB KC U-21
07/05/2029
 
TOP OF THE 1ST
Nebraska Plainsmen batting - Pitching for Athletic Club KC U-21 : LHP Hezekiah Grimsley
Pitching: LHP Hezekiah Grimsley
Batting: SHB Cyrille Baffi 0-0: Fly out, F8 (Flyball, 78D)
Batting: RHB José Bravo 0-0: DOUBLE (Line Drive, 78D)
Batting: SHB Allen Pandey 0-0: Called Strike
0-1: Ball
1-1: Fly out, F9 (Flyball, 9)
Batting: SHB Rafael Porfrio 0-0: Ball
1-0: Swinging Strike
1-1: Foul Ball, location: 2F
1-2: Ball
2-2: Ball
3-2: Strikes out swinging
Top of the 1st over - 0 runs, 1 hit, 0 errors, 1 left on base; Nebraska 0 - Athletic Club KC 0
BOTTOM OF THE 1ST
Athletic Club KC U-21 batting - Pitching for Nebraska Plainsmen : RHP Luis Bustamante
Pitching: RHP Luis Bustamante
Batting: LHB José Antonio Mireles 0-0: Ball
1-0: Ground out U3 (Groundball, 3)
Batting: RHB Leonardo Hernández 0-0: Ball
1-0: Swinging Strike
1-1: Swinging Strike
1-2: Ball
2-2: Strikes out swinging
Batting: RHB José Hernández 0-0: Ball
1-0: Foul Ball, location: 2F
1-1: Ball
2-1: Called Strike
2-2: Strikes out swinging
Bottom of the 1st over - 0 runs, 0 hits, 0 errors, 0 left on base; Nebraska 0 - Athletic Club KC 0
TOP OF THE 2ND
Nebraska Plainsmen batting - Pitching for Athletic Club KC U-21 : LHP Hezekiah Grimsley
Batting: RHB Alco Compagne 0-0: Called Strike
0-1: Ball
1-1: Ball
2-1: Ball
3-1: Base on Balls
Batting: RHB Martin Dalling 0-0: Ball
1-0: Called Strike
1-1: Swinging Strike
1-2: Foul Ball, location: 2F
1-2: Strikes out swinging
Batting: RHB Shelby Loudenslager 0-0: Ball
1-0: Ball
2-0: Called Strike
2-1: Foul Ball, location: 2F
2-2: Foul Ball, location: 2F
2-2: Ball
3-2: Strikes out swinging
Batting: RHB Dan Hendricks 0-0: Ball
1-0: Called Strike
1-1: Foul Ball, location: 2F
1-2: Foul Ball, location: 2F
1-2: Strikes out swinging
Top of the 2nd over - 0 runs, 0 hits, 0 errors, 1 left on base; Nebraska 0 - Athletic Club KC 0
BOTTOM OF THE 2ND
Athletic Club KC U-21 batting - Pitching for Nebraska Plainsmen : RHP Luis Bustamante
Batting: LHB Miguel Vásquez 0-0: Ball
1-0: Ball
2-0: Ball
3-0: Called Strike
3-1: Base on Balls
Batting: RHB Ted Hansen 0-0: Ball
1-0: SINGLE (Line Drive, 6MD)
Miguel Vásquez to second
Batting: RHB Francisco Vigil 0-0: Ball
1-0: Ball
2-0: Ball
3-0: Called Strike
3-1: Swinging Strike
3-2: Strikes out swinging
Batting: RHB Bing-zhong Wu 0-0: Foul Ball, location: 2F
0-1: Ball
1-1: Foul Ball, location: 2F
1-2: Foul Ball, location: 2F
1-2: Strikes out swinging
Batting: RHB José Torres 0-0: Called Strike
0-1: Ball
1-1: Called Strike
1-2: SINGLE (Flyball, 89M)
Miguel Vásquez to third
Ted Hansen to second
Runner from 3rd tries for Home, throw and OUT!
Bottom of the 2nd over - 0 runs, 2 hits, 0 errors, 2 left on base; Nebraska 0 - Athletic Club KC 0
TOP OF THE 3RD
Nebraska Plainsmen batting - Pitching for Athletic Club KC U-21 : LHP Hezekiah Grimsley
Batting: RHB Calvin Blonke 0-0: Called Strike
0-1: Ball
1-1: Ball
2-1: Ball
3-1: SINGLE (Line Drive, 8LS)
Batting: SHB Cyrille Baffi 0-0: Ball
1-0: SINGLE (Groundball, 56D)
Calvin Blonke to second
Batting: RHB José Bravo 0-0: Foul Ball, location: 2F
0-1: Ball
1-1: Ball
2-1: Ball
3-1: Base on Balls
Calvin Blonke to third
Cyrille Baffi to second
Batting: SHB Allen Pandey 0-0: Ball
1-0: SINGLE (Line Drive, 7LS)
Calvin Blonke scores
Cyrille Baffi to third
José Bravo to second
Runner from 3rd tries for Home, SAFE, no throw
Batting: SHB Rafael Porfrio 0-0: Ball
1-0: Ball
2-0: Grounds into double play, 6-4-3 (Groundball, 6)
José Bravo to third
Batting: RHB Alco Compagne 0-0: Called Strike
0-1: Swinging Strike
0-2: Ball
1-2: Strikes out swinging
Top of the 3rd over - 2 runs, 3 hits, 0 errors, 1 left on base; Nebraska 2 - Athletic Club KC 0
BOTTOM OF THE 3RD
Athletic Club KC U-21 batting - Pitching for Nebraska Plainsmen : RHP Luis Bustamante
Batting: SHB Martín Gonzáles 0-0: Ball
1-0: Ball
2-0: Ball
3-0: Base on Balls
Batting: LHB José Antonio Mireles 0-0: SINGLE (Groundball, 34D)
Martín Gonzáles to second
Runner from 2nd tries for 3rd, SAFE, no throw
Batting: RHB Leonardo Hernández 0-0: Swinging Strike
0-1: Ball
1-1: Ball
2-1: Foul Ball, location: 2F
2-2: Grounds into double play, 5-4-3 (Groundball, 56)
Martín Gonzáles scores
Batting: RHB José Hernández 0-0: Ball
1-0: Foul Ball, location: 2F
1-1: Foul Ball, location: 2F
1-2: Foul Ball, location: 2F
1-2: Ball
2-2: Strikes out swinging
Bottom of the 3rd over - 1 run, 1 hit, 0 errors, 0 left on base; Nebraska 2 - Athletic Club KC 1
TOP OF THE 4TH
Nebraska Plainsmen batting - Pitching for Athletic Club KC U-21 : LHP Hezekiah Grimsley
Batting: RHB Martin Dalling 0-0: Ball
1-0: Called Strike
1-1: Ball
2-1: Foul Ball, location: 2F
2-2: Strikes out swinging
Batting: RHB Shelby Loudenslager 0-0: Ball
1-0: Called Strike
1-1: Called Strike
1-2: Strikes out looking
Batting: RHB Dan Hendricks 0-0: Called Strike
0-1: Foul Ball, location: 2F
0-2: Strikes out looking
Top of the 4th over - 0 runs, 0 hits, 0 errors, 0 left on base; Nebraska 2 - Athletic Club KC 1
BOTTOM OF THE 4TH
Athletic Club KC U-21 batting - Pitching for Nebraska Plainsmen : RHP Luis Bustamante
Batting: LHB Miguel Vásquez 0-0: Ground out 1-3 (Groundball, P)
Batting: RHB Ted Hansen 0-0: Called Strike
0-1: Ball
1-1: SINGLE (Line Drive, 7LS)
Batting: RHB Francisco Vigil 0-0: Ball
1-0: Ground out U3 (Groundball, 34)
Ted Hansen to second
Batting: RHB Bing-zhong Wu 0-0: Called Strike
0-1: Ground out 1-3 (Groundball, P)
Bottom of the 4th over - 0 runs, 1 hit, 0 errors, 1 left on base; Nebraska 2 - Athletic Club KC 1
TOP OF THE 5TH
Nebraska Plainsmen batting - Pitching for Athletic Club KC U-21 : LHP Hezekiah Grimsley
Batting: RHB Calvin Blonke 0-0: Ball
1-0: Called Strike
1-1: Called Strike
1-2: Strikes out looking
Batting: SHB Cyrille Baffi 0-0: Ball
1-0: Foul Ball, location: 2F
1-1: Ball
2-1: Swinging Strike
2-2: Strikes out swinging, 2-3 out at first.
Batting: RHB José Bravo 0-0: Called Strike
0-1: Called Strike
0-2: Strikes out swinging
Top of the 5th over - 0 runs, 0 hits, 0 errors, 0 left on base; Nebraska 2 - Athletic Club KC 1
BOTTOM OF THE 5TH
Athletic Club KC U-21 batting - Pitching for Nebraska Plainsmen : RHP Luis Bustamante
Batting: RHB José Torres 0-0: Ball
1-0: SINGLE (Line Drive, 7S)
Batting: SHB Martín Gonzáles 0-0: Called Strike
0-1: Called Strike
0-2: Foul Ball, location: 2F
0-2: Ball
1-2: Strikes out swinging
Batting: LHB José Antonio Mireles 0-0: Ball
1-0: Swinging Strike
1-1: Swinging Strike
1-2: Ball
2-2: Foul Ball, location: 2F
2-2: Strikes out swinging
Batting: RHB Leonardo Hernández 0-0: Swinging Strike
0-1: Ball
1-1: Called Strike
1-2: Ball
2-2: Ball
3-2: Base on Balls
José Torres to second
Batting: RHB José Hernández 0-0: Foul Ball, location: 2F
0-1: Fly out, F7 (Flyball, 7S)
Bottom of the 5th over - 0 runs, 1 hit, 0 errors, 2 left on base; Nebraska 2 - Athletic Club KC 1
TOP OF THE 6TH
Nebraska Plainsmen batting - Pitching for Athletic Club KC U-21 : LHP Hezekiah Grimsley
Batting: SHB Allen Pandey 0-0: SINGLE (Groundball, 56D)
Batting: SHB Rafael Porfrio 0-0: Ball
1-0: Fly out, F9 (Line Drive, 89M)
Batting: RHB Alco Compagne 0-0: Ball
1-0: Ball
2-0: Ball
3-0: Called Strike
3-1: Called Strike
3-2: Fly out, F7 (Flyball, 7)
Pitching: RHP Madanraj Velusamy
Batting: RHB Martin Dalling 0-0: Called Strike
0-1: Called Strike
Allen Pandey is caught stealing 2nd base
Top of the 6th over - 0 runs, 1 hit, 0 errors, 0 left on base; Nebraska 2 - Athletic Club KC 1
BOTTOM OF THE 6TH
Athletic Club KC U-21 batting - Pitching for Nebraska Plainsmen : RHP Luis Bustamante
Batting: LHB Miguel Vásquez 0-0: Called Strike
0-1: Called Strike
0-2: Foul Ball, location: 2F
0-2: Ball
1-2: Strikes out swinging
Batting: RHB Ted Hansen 0-0: Called Strike
0-1: Ball
1-1: Ball
2-1: Foul Ball, location: 2F
2-2: Foul Ball, location: 2F
2-2: Ground out 5-3 (Groundball, 5S)
Batting: RHB Francisco Vigil 0-0: Fly out, F7 (Flyball, 7S)
Bottom of the 6th over - 0 runs, 0 hits, 0 errors, 0 left on base; Nebraska 2 - Athletic Club KC 1
TOP OF THE 7TH
Nebraska Plainsmen batting - Pitching for Athletic Club KC U-21 : RHP Madanraj Velusamy
Batting: RHB Martin Dalling 0-0: Ball
1-0: Foul Ball, location: 2F
1-1: Fly out, F8 (Flyball, 8RD)
Batting: RHB Shelby Loudenslager 0-0: Foul Ball, location: 2F
0-1: Fly out, F8 (Flyball, 8LM)
Batting: RHB Dan Hendricks 0-0: Called Strike
0-1: Ball
1-1: Ball
2-1: Called Strike
2-2: Foul Ball, location: 2F
2-2: Foul Ball, location: 2F
2-2: Foul Ball, location: 2F
2-2: Ball
3-2: Foul Ball, location: 2F
3-2: SINGLE (Line Drive, 8RS)
Batting: RHB Calvin Blonke 0-0: Called Strike
0-1: Ball
1-1: Fly out, F8 (Flyball, 8LM)
Top of the 7th over - 0 runs, 1 hit, 0 errors, 1 left on base; Nebraska 2 - Athletic Club KC 1
BOTTOM OF THE 7TH
Athletic Club KC U-21 batting - Pitching for Nebraska Plainsmen : RHP Luis Bustamante
Batting: RHB Bing-zhong Wu 0-0: Ball
1-0: SINGLE (Groundball, 56D)
Batting: RHB José Torres 0-0: Sac Bunt - play at first, batter OUT! U3
Bing-zhong Wu to second
Batting: SHB Martín Gonzáles 0-0: Ball
1-0: Swinging Strike
1-1: Ball
2-1: Swinging Strike
2-2: Ball
3-2: Fly out, F7 (Flyball, 7S)
Batting: LHB José Antonio Mireles 0-0: Ball
1-0: Called Strike
1-1: Ground out 6-3 (Groundball, 6M)
Bottom of the 7th over - 0 runs, 1 hit, 0 errors, 1 left on base; Nebraska 2 - Athletic Club KC 1
TOP OF THE 8TH
Nebraska Plainsmen batting - Pitching for Athletic Club KC U-21 : RHP Madanraj Velusamy
Batting: SHB Cyrille Baffi 0-0: Called Strike
0-1: Ball
1-1: Ball
2-1: Fly out, F9 (Flyball, 89M)
Batting: RHB José Bravo 0-0: Ball
1-0: Called Strike
1-1: Foul Ball, location: 2F
1-2: Ball
2-2: Ball
3-2: Fly out, F9 (Line Drive, 89D)
Batting: SHB Allen Pandey 0-0: Ball
1-0: Foul Ball, location: 2F
1-1: Swinging Strike
1-2: Strikes out swinging
Top of the 8th over - 0 runs, 0 hits, 0 errors, 0 left on base; Nebraska 2 - Athletic Club KC 1
BOTTOM OF THE 8TH
Athletic Club KC U-21 batting - Pitching for Nebraska Plainsmen : RHP Luis Bustamante
Batting: RHB Leonardo Hernández 0-0: Foul Ball, location: 2F
0-1: Ball
1-1: Ball
2-1: SINGLE (Flyball, 8LM)
Batting: RHB José Hernández 0-0: Ball
1-0: Foul Ball, location: 2F
1-1: Swinging Strike
1-2: Foul Ball, location: 2F
1-2: Strikes out swinging
Pitching: RHP Pedro Ortíz
Batting: LHB Miguel Vásquez 0-0: Foul Ball, location: 2F
0-1: Fielders Choice at 2nd, 4-6 (Groundball, 4)
Batting: RHB Ted Hansen 0-0: Ball
1-0: Foul Ball, location: 2F
1-1: Called Strike
1-2: Ball
2-2: Foul Ball, location: 2F
2-2: Strikes out swinging
Bottom of the 8th over - 0 runs, 1 hit, 0 errors, 1 left on base; Nebraska 2 - Athletic Club KC 1
TOP OF THE 9TH
Nebraska Plainsmen batting - Pitching for Athletic Club KC U-21 : RHP Madanraj Velusamy
Pitching: LHP Augusto Martínez
Batting: SHB Rafael Porfrio 0-0: Ball
1-0: Ball
2-0: Swinging Strike
2-1: Ball
3-1: SINGLE (Line Drive, 56)
Batting: RHB Alco Compagne 0-0: Ball
1-0: Ball
Wild Pitch!
Rafael Porfrio to second
2-0: Intentional Walk
Pinch Hitting: RHB Lloyd Raaijmakers 0-0: Ball
1-0: SINGLE (Groundball, 34D)
Rafael Porfrio to third
Alco Compagne to second
Batting: RHB Shelby Loudenslager 0-0: Called Strike
0-1: Ball
1-1: Ball
2-1: Foul Ball, location: 2F
2-2: Ball
3-2: Base on Balls
Rafael Porfrio scores
Alco Compagne to third
Lloyd Raaijmakers to second
Batting: RHB Dan Hendricks 0-0: Ball
1-0: Called Strike
1-1: Called Strike
1-2: SINGLE (Line Drive, 89S)
Alco Compagne scores
Lloyd Raaijmakers to third
Shelby Loudenslager to second
Batting: RHB Calvin Blonke 0-0: Called Strike
0-1: Swinging Strike
0-2: Ball
1-2: SINGLE (Groundball, 6MD)
Lloyd Raaijmakers scores
Shelby Loudenslager to third
Dan Hendricks to second
Pitching: RHP Jorge Cintrón
Batting: SHB Cyrille Baffi 0-0: Fly out, F7 (Flyball, 78D)
Runner from 3rd tags up, OUT at HOME
Dan Hendricks to third
Calvin Blonke to second
Batting: RHB José Bravo 0-0: Intentional Walk
Batting: SHB Allen Pandey 0-0: Called Strike
0-1: SINGLE (Line Drive, 9S)
Dan Hendricks scores
Calvin Blonke to third
José Bravo to second
Runner from 3rd tries for Home, SAFE, no throw
Batting: SHB Rafael Porfrio 0-0: Ball
1-0: Fly out, F8 (Flyball, 8LS)
Top of the 9th over - 5 runs, 5 hits, 0 errors, 2 left on base; Nebraska 7 - Athletic Club KC 1
BOTTOM OF THE 9TH
Athletic Club KC U-21 batting - Pitching for Nebraska Plainsmen : RHP Pedro Ortíz
Now at 2B: José Germán
Now in RF: José Durán
Batting: RHB Francisco Vigil 0-0: Ball
1-0: Foul Ball, location: 2F
1-1: Foul Ball, location: 2F
1-2: Fly out, F9 (Flyball, 9D)
Batting: RHB Bing-zhong Wu 0-0: Called Strike
0-1: Swinging Strike
0-2: Ball
1-2: Strikes out swinging
Batting: RHB José Torres 0-0: Ball
1-0: Called Strike
1-1: Ball
2-1: Called Strike
2-2: Fly out, F4 (Line Drive, 4)
Bottom of the 9th over - 0 runs, 0 hits, 0 errors, 0 left on base; Nebraska 7 - Athletic Club KC 1
Tuesday, December 19th, 2017 - OOTP Baseball 18.8 Build 76